 Dungeon Crawl Stone Soup version 0.29.1-12-g30fa7ad0bf (console) character file.

Game seed: 244824177567797395

134 Cab the Chopper (level 4, -4/35 HPs)
             Began as a Demonspawn Fighter on Jan 6, 2023.
             Constricted to death by Natasha (8 damage)
             ... on level 3 of the Dungeon.
             The game lasted 00:10:36 (2894 turns).

Cab the Chopper (Demonspawn Fighter)                Turns: 2894, Time: 00:10:37

Health: -4/35      AC: 13    Str: 18    XL:     4   Next: 95%
Magic:  4/4        EV:  6    Int:  9    God:
Gold:   134        SH:  5    Dex: 19    Spells: 3/3 levels left

rFire   . . .      SeeInvis .   a - +0 war axe
rCold   . . .      Faith    .   c - +0 buckler
rNeg    . . .      Spirit   .   b - +0 scale mail
rPois   .          Reflect  .   s - +2 helmet
rElec   .          Harm     .   (no cloak)
rCorr   .          Rampage  .   m - +0 pair of gloves
Will    .....                   (no boots)
Stlth   ..........              (no amulet)
HPRegen 0.11/turn               j - +6 ring of dexterity
MPRegen 0.09/turn               (no ring)

@: grasped by roots, slowed, constricted, very slow
A: thin metallic scales 1, weakness stinger 1
a: no special abilities


You were on level 3 of the Dungeon.
You visited 1 branch of the dungeon, and saw 3 of its levels.

You collected 134 gold pieces.

Inventory:

Hand Weapons
 a - a +0 war axe (weapon)
Armour
 b - a +0 scale mail (worn)
 c - a +0 buckler (worn)
 m - a +0 pair of gloves (worn)
 s - a +2 helmet (worn)
Jewellery
 j - a +6 ring of dexterity (left hand)
 l - a ring of fire
Scrolls
 f - a scroll of enchant armour {unknown}
 i - a scroll of summoning {unknown}
 k - 2 scrolls of noise {unknown}
 n - 2 scrolls of blinking {unknown}
 o - a scroll of butterflies {unknown}
 p - 4 scrolls of identify {unknown}
 r - a scroll of enchant weapon {unknown}
 t - a scroll of fear {unknown}
 u - a scroll of vulnerability {unknown}
Potions
 d - 2 potions of might
 e - 2 potions of curing {unknown}
 g - 2 potions of mutation {unknown}
 h - a potion of flight {unknown}
 q - a potion of heal wounds {unknown}
 v - 3 potions of haste {unknown}
 w - 2 potions of berserk rage {unknown}
 x - a potion of degeneration {unknown}


   Skills:
 - Level 3.1 Fighting
 + Level 4.4 Axes
 - Level 2.8 Armour
 - Level 2.8 Shields


You had 3 spell levels left.
You didn't know any spells.
Your spell library contained the following spells:

 Spells                   Type           Power      Damage    Failure   Level
 Ozocubu's Armour         Ice            0%         N/A       99%         3
 Ozocubu's Refrigeration  Ice            0%         4d7       100%        7


Dungeon Overview and Level Annotations

Branches:
Dungeon (3/15)

Altars:
Gozag

Shops:
D:1 :   D:3 (

Annotations:
D:2 1 runed translucent door, Crazy Yiuf
D:3 Natasha


Innate Abilities, Weirdness & Mutations

You are partially covered in thin metallic scales. (AC +2)
You have a small tail.


Message History

You closely miss Natasha. Natasha barely misses you.
Natasha zaps a wand.
The roots erupt in riotous growth!
The grasping roots grab you!
Natasha is unaffected.
The grasping roots constrict you.
You slash Natasha!
You tail-slap Natasha, but do no damage.
Natasha is severely wounded.
Natasha claws you but does no damage. The grasping roots constrict you.
You closely miss Natasha.
Natasha is severely wounded.
You block Natasha's attack. The grasping roots constrict you.
The grasping roots release their grip on you.
You miss Natasha.
Your tail-slap misses Natasha.
Natasha is severely wounded.
Natasha closely misses you. You block Natasha's attack.
You hit Natasha.
Natasha is severely wounded.
Natasha casts a spell at you. You resist with some effort.
You closely miss Natasha.
Natasha is severely wounded.
Natasha closely misses you.
You hit Natasha.
Natasha is almost dead.
Natasha claws you but does no damage. Natasha claws you!
You are too injured to fight recklessly!
You closely miss Natasha.
Natasha is almost dead.
Natasha casts a spell at you.
You feel yourself slow down.
You barely miss Natasha.
Natasha is almost dead.
Natasha zaps a wand.
The roots erupt in riotous growth!
The grasping roots grab you!
Natasha is unaffected.
The grasping roots constrict you.
Natasha stares at you and mumbles some strange words.
The magic dart hits you!
* * * LOW HITPOINT WARNING * * *
The grasping roots constrict you!
You die...

▒∙∙■≈≈#■∙▒ ▒∙~∙P~P~⌠~∙▒∙▒▒▒∙∙
▒∙▒▒≈#≈▒▒▒ ▒∙∙∙∙∙∙∙∙∙∙∙∙∙▒▒∙∙
▒▒∙▒▒▒■▒▒▒▒ ▒∙∙∙▒∙∙∙∙∙∙∙∙∙▒▒▒▒
∙∙∙▒∙▒∙▒∙∙▒▒▒▒▒▒∙▒▒▒∙∙∙∙∙∙∙∙∙▒ ▒∙
∙∙∙∙∙∙∙∙▒∙∙▒▒∙∙∙∙∙▒▒∙∙∙∙∙∙∙∙∙▒ ▒∙
∙∙∙▒∙▒∙∙▒▒∙▒▒∙∙∙∙∙▒▒∙∙∙∙∙∙∙∙∙▒ ▒∙
∙∙∙∙∙∙∙∙▒▒∙▒▒∙∙∙∙∙▒▒∙∙∙∙∙∙∙∙∙▒▒▒∙
▒▒▒▒▒▒▒)▒▒∙▒▒∙∙∙h∙▒▒∙∙∙∙∙∙∙∙∙∙∙∙∙
▒∙▒∙∙∙∙∙∙∙∙▒∙∙∙@∙▒▒▒▒▒▒▒▒▒▒∙∙∙∙∙
▒∙∙∙∙∙∙∙∙∙∙▒∙∙∙∙∙▒∙∙∙∙∙∙∙∙∙∙∙∙∙∙
▒∙▒∙∙∙∙∙∙∙∙▒∙∙∙∙∙▒∙∙∙∙∙∙∙∙∙∙∙∙∙∙
▒∙▒<∙∙▒▒▒▒∙∙∙∙∙∙∙▒∙∙∙∙∙∙∙∙∙∙▒∙∙▒
▒∙▒∙▒∙▒ ▒▒▒▒∙∙∙∙▒▒▒▒▒▒▒▒▒▒▒▒▒∙▒▒
▒∙▒∙▒∙▒ ▒∙∙∙∙∙∙∙▒▒▒▒▒▒▒▒▒ ▒∙∙▒
▒∙▒▒▒∙▒ ▒∙∙∙∙∙∙∙∙∙∙▒▒∙∙∙▒▒▒▒∙▒▒▒
▒∙∙∙∙∙▒ ▒∙∙∙∙∙∙∙▒▒∙∙∙∙∙∙▒∙∙∙∙∙∙▒
▒▒▒▒▒▒▒▒▒∙∙∙∙∙∙∙▒▒▒▒∙∙∙∙▒∙∙∙∙∙∙▒


You could see Natasha.

Vanquished Creatures
  Terence (D:3)
  Natasha (D:3)
  Robin (D:2)
  2 adders (D:2)
  3 endoplasms (D:1)
  3 giant cockroaches
  10 goblins
  A hobgoblin (D:2)
  6 jackals (D:1)
  2 quokkas (D:1)
  3 ball pythons
  5 bats
  3 frilled lizards (D:1)
  6 kobolds
  9 rats
56 creatures vanquished.

Vanquished Creatures (others)
  A plant (D:3)
1 creature vanquished.

Grand Total: 57 creatures vanquished

Notes
Turn   | Place    | Note
-------+----------+-------------------------------------------
     0 | D:1      | Cab the Demonspawn Fighter began the quest for the Orb.
     0 | D:1      | Reached XP level 1. HP: 18/18 MP: 1/1
   119 | D:1      | Gained mutation: You are partially covered in thin metallic
                  | scales. (AC +2) [demonic ancestry]
   119 | D:1      | Reached XP level 2. HP: 24/24 MP: 2/2
   131 | D:1      | Reached skill level 2 in Axes
   566 | D:1      | Found Recsulo's Vocational Training.
   610 | D:1      | Gained mutation: You have a small tail. [demonic ancestry]
   610 | D:1      | Reached XP level 3. HP: 26/29 MP: 3/3
  1559 | D:2      | Found a runed translucent door.
  1560 | D:2      | Noticed Crazy Yiuf
  1587 | D:2      | Reached skill level 3 in Axes
  1975 | D:2      | Noticed Robin
  1996 | D:2      | Killed Robin
  1997 | D:2      | Reached XP level 4. HP: 32/35 MP: 4/4
  2323 | D:3      | Noticed Terence
  2335 | D:3      | Killed Terence
  2336 | D:3      | Reached skill level 4 in Axes
  2516 | D:3      | Found Vetyvoj's Weapon Shoppe.
  2599 | D:3      | Found a faded altar of an unknown god.
  2613 | D:3      | Found an opulent altar of Gozag.
  2792 | D:3      | Noticed Natasha
  2799 | D:3      | Killed Natasha
  2882 | D:3      | Noticed Natasha
  2894 | D:3      | Constricted to death by Natasha

Illustrated notes

Levels and vault maps discovered:
D:1:      spicycebolla_arrival_transporter_tutorial, layout_loops_ring,
          nicolae_shop_vocational
D:2:      layout_loops_corners, uniq_robin, uniq_crazy_yiuf_cottage
D:3:      layout_basic, grunt_gozag_statues, mainiacjoe_overflow_catwalk,
          serial_shops, shop, shapermc_ecumenical_altar_acropolis,
          minmay_liquid_box, uniq_natasha, uniq_terence

Skill      XL: |  1  2  3  4 |
---------------+-------------+-----
Axes           | 2 3 4 |  4.4
Fighting       | |  3.1
Armour         | |  2.8
Shields        | |  2.8

Action                   |  1- 3 |  4- 6 || total
-------------------------+-------+-------++-------
Melee: War axe           |   104 |    43 ||   147
       Tailslap          |     7 |     4 ||    11
Armor: Scale mail        |    61 |    18 ||    79
Dodge: Dodged            |    41 |    15 ||    56
Block: Buckler           |    26 |    12 ||    38
